Match 40708336
Unlisted

Match 40708336
End
Panzergrenadier Squad
Selects Battlefield Espionage Battlegroup
250 Light Carrier
Panzergrenadier Squad
Panzergrenadier Squad
Construct Light Support Kompanie
MG34 Team
Selects 250/3 Funkpanzerwagen
MG34 Team
Fire Support Elements
Selects Intel Disruption Beacon
Construct Panzerarmee Kommand
Veteran Squad Leaders
Flak 36 Anti-tank Gun Team
Forward Retreat Point
Selects Advanced Ambush Training
Armored Reserves
Vehicle Survival Package
Emergency Repair Kits
Selects Plunder
Construct Mechanized Kompanie
Construct Mechanized Kompanie
254 Reconnaissance Tractor
Pak 38 Anti-tank Gun Team
Tiger Heavy Tank
Selects Firestorm
Firestorm
Firestorm
Tungsten Core Ammunition
Advanced Optics
Rapid Advance
Selects Operation Skorpion
Firestorm
Tiger Heavy Tank
Flak 36 Anti-tank Gun Team
Operation Skorpion
Firestorm
lnsidetheFire
GermanSHark
T_Jark
Shadowkirik
Tomkap
Shotgun_cassidy
Ocelot
vonAJ
0
0

Comments sign in to comment!

No comments posted yet!